Oilers vs Stars

Created - December 20, 2016 at 17:48

Goals
1 2 3 T
Oilers 1 0 1 2
Stars 0 1 0 1
Shots
1 2 3 T
Oilers 14 19 8 41
Stars 6 5 11 22

1st period

1. Oilers , Blake Wheeler 16 (Brad Marchand, Bo Horvat) at 13:14 (PP)

Penalties :
Marco Scandella (EDM) for Hooking (Minor) at 1:53, Paul Stastny (DAL) for Roughing (Minor) at 9:43, Zdeno Chara (DAL) for Hooking (Minor) at 12:37

2nd period

2. Stars , Evgeni Malkin 8 (Jonathan Huberdeau, John Klingberg) at 3:46

Penalties :
Jannik Hansen (EDM) for Slashing (Minor) at 0:28, Duncan Keith (DAL) for Tripping (Minor) at 4:37, Cody McLeod (DAL) for Elbowing (Minor) at 7:12, Cody McLeod (DAL) for Fighting (Major) at 14:02, Brad Marchand (EDM) for Fighting (Major) at 14:02, Cody McLeod (DAL) for instigated a fight (Game Misconduct) at 14:02

3rd period

3. Oilers , Michael Grabner 10 (Marco Scandella, Dominic Moore) at 19:22

Penalties :
Brandon Manning (DAL) for Tripping (Minor) at 1:40, Marc-Edouard Vlasic (EDM) for Holding Stick (Minor) at 4:43, Alex Petrovic (EDM) for Hooking (Minor) at 11:35, Aleksander Barkov (EDM) for Tripping (Minor) at 15:50, Brandon Manning (DAL) for High sticking (Minor) at 18:02, Mattias Ekholm (EDM) for Roughing (Minor) at 18:31

Goalie Stats

Martin Jones (EDM), 21 saves from 22 shots - (0.955), W, 27-5-0, 60:00 minutes
Jonathan Quick (DAL), 39 saves from 41 shots - (0.951), L, 17-15-1, 59:28 minutes

Players Stats for Oilers

Player Name              G  A  P  +/- PIM S  H  SB GA TA FO     MP     PP MP  PK MP  
------------------------------------------------------------------------------------
Aleksander Barkov        0  0  0   0  2   7  0  1  0  0  9/26   19:30   5:26   0:25 
Alex Petrovic            0  0  0   1  2   0  0  0  0  0  0/0    13:39   0:00   0:00 
Blake Wheeler            1  0  1  -1  0   3  3  0  0  0  0/1    21:29   5:35   0:00 
Bo Horvat                0  1  1  -1  0   2  2  1  0  0  13/27  19:01   5:35   0:00 
Brad Marchand            0  1  1  -1  5   2  1  1  0  0  1/2    18:20   4:44   1:00 
Brian Campbell           0  0  0  -1  0   1  1  0  0  0  0/0    23:31   4:55   5:24 
Dominic Moore            0  1  1   1  0   0  0  0  0  0  6/14   10:25   0:00   6:15 
Jannik Hansen            0  0  0   0  2   4  0  0  0  0  1/3    21:48   5:26   2:43 
Jay Beagle               0  0  0   0  0   1  2  0  0  0  7/13   12:03   0:00   3:26 
Justin Williams          0  0  0   0  0   3  2  0  0  0  1/2    19:06   5:26   0:00 
Marc-Edouard Vlasic      0  0  0  -1  2   3  0  1  0  0  0/0    23:13   6:06   4:17 
Marco Scandella          0  1  1   1  2   0  2  0  0  0  0/0    21:45   4:55   4:00 
Matt Read                0  0  0   0  0   3  1  0  0  0  1/1     8:53   0:51   0:00 
Matthew Nieto            0  0  0   0  0   0  0  0  0  0  0/0     0:35   0:00   0:00 
Mattias Ekholm           0  0  0   0  2   5  3  2  0  0  0/0    22:48   6:05   4:31 
Michael Grabner          1  0  1   1  0   4  0  0  0  0  1/2    14:56   0:00   6:01 
Nicklas Grossmann        0  0  0   0  0   2  0  0  0  0  0/0    15:00   0:00   1:38 
Scottie Upshall          0  0  0   0  0   1  0  0  0  0  0/0     2:28   0:00   0:00 

Players Stats for Stars

Player Name              G  A  P  +/- PIM S  H  SB GA TA FO     MP     PP MP  PK MP  
------------------------------------------------------------------------------------
Adam Pardy               0  0  0   0  0   0  1  2  0  0  0/0    13:30   0:00   1:52 
Brad Malone              0  0  0   0  0   0  0  0  0  0  1/3     2:06   0:00   2:06 
Brandon Manning          0  0  0   0  4   0  2  0  0  0  0/0    11:36   0:00   0:00 
Cody McLeod              0  0  0   0  19  0  1  0  0  0  0/0     7:15   0:00   0:00 
Dainius Zubrus           0  0  0   0  0   1  0  1  0  0  0/0    13:10   0:00   0:00 
Duncan Keith             0  0  0   0  2   4  0  3  0  0  0/0    24:16   5:15   4:23 
Evgeni Malkin            1  0  1   1  0   4  3  0  0  0  6/9    21:44   5:00   0:19 
Gregory Campbell         0  0  0   0  0   0  0  0  0  0  0/0     0:00   0:00   0:00 
Jason Demers             0  0  0   0  0   1  3  1  0  0  0/0    22:34   4:40   5:07 
John Klingberg           0  1  1   0  0   1  0  1  0  0  0/0    24:40   5:15   5:07 
John Mitchell            0  0  0   0  0   2  1  0  0  0  13/20  16:05   0:00   2:55 
Jonathan Huberdeau       0  1  1   0  0   4  1  0  0  0  0/2    20:40   4:55   0:16 
Mike Richards            0  0  0   0  0   1  1  0  0  0  7/17   17:12   4:55   2:55 
Nikita Kucherov          0  0  0   0  0   1  0  0  0  0  0/0    16:51   5:00   0:00 
Nikita Nesterov          0  0  0   0  0   0  0  0  0  0  0/0     0:00   0:00   0:00 
Paul Byron               0  0  0   0  0   1  1  0  0  0  2/6    26:05   4:55   6:58 
Paul Stastny             0  0  0   0  2   1  1  0  0  0  22/34  26:20   5:00   6:33 
Zdeno Chara              0  0  0   0  2   1  0  1  0  0  0/0    23:20   4:40   5:33 

3 Stars

1 - Martin Jones (EDM)
2 - Evgeni Malkin (DAL)
3 - Jonathan Quick (DAL)

Power Play

Oilers - 1 on 7 Attempt(s) - 14.29%
Stars - 0 on 6 Attempt(s) - 0.00%

Penalty Kill

Oilers - 6 on 6 Attempt(s) - 100.00% - Score 0 goal in Penalty Kill
Stars - 6 on 7 Attempt(s) - 85.71% - Score 0 goal in Penalty Kill

Team Stat

Oilers - Hits : 17 - Faceoff Wins : 40 - Blocked Shots : 6 - Penalty Minutes : 17
Stars - Hits : 15 - Faceoff Wins : 51 - Blocked Shots : 9 - Penalty Minutes : 29

Official

Referees : Kyle Rehman and Brad Watson
Linesman : Matt MacPherson and Vaughan Rody

Game Notes

Cody McLeod beats up Brad Marchand at 14:02 of 2nd period
Cody McLeod ejected from game at 14:02 of 2nd period
Cody McLeod from Stars is suspended for 1 game(s)

Finance

Level 1 -- Attendance: 2771 (46.18%) -- Ticket Income $609,620
Level 2 -- Attendance: 2208 (44.16%) -- Ticket Income $353,280
Level 3 -- Attendance: 1144 (57.20%) -- Ticket Income $148,720
Level 4 -- Attendance: 1050 (23.17%) -- Ticket Income $105,000
Luxury Box -- Attendance: 438 (43.80%) -- Ticket Income $175,200
Game was played at the American Airlines Center.
Total Attendance: 7611 (41.07%)
Total Ticket Income: $1,391,820
Other Income: $208,773
Total Income: $1,600,593

% Time on Ice - Oilers

Lines # - Real PCT - Wanted PCT - Time Play
Normal Forward
1 - 36% - 35% - 13:40
2 - 36% - 34% - 13:26
3 - 21% - 25% - 8:02
4 - 7% - 6% - 2:28
Normal Defense
1 - 34% - 34% - 12:37
2 - 32% - 33% - 11:58
3 - 34% - 33% - 12:47
4 - 1% - 0% - 0:14
PP Forward
1 - 49% - 50% - 5:26
2 - 51% - 50% - 5:35
PP Defense
1 - 55% - 50% - 6:06
2 - 45% - 50% - 4:55
PK Forward
1 - 63% - 55% - 6:16
2 - 37% - 45% - 3:39
PK Defense
1 - 54% - 50% - 5:24
2 - 46% - 50% - 4:31
PK3 Forward
1 - 0% - 60%
2 - 0% - 40%
PK3 Defense
1 - 0% - 50%
2 - 0% - 50%
44 Forward
1 - 40% - 50% - 0:35
2 - 60% - 50% - 0:53
44 Defense
1 - 40% - 50% - 0:35
2 - 60% - 50% - 0:53
Last Minute Offensive  - 0:00
Last Minute Defensive  - 0:00
Total
Forward - 60:00
Defense - 60:00

% Time on Ice - Stars

Lines # - Real PCT - Wanted PCT - Time Play
Normal Forward
1 - 26% - 37% - 9:52
2 - 25% - 25% - 9:22
3 - 35% - 19% - 13:10
4 - 14% - 19% - 5:12
Normal Defense
1 - 32% - 35% - 12:05
2 - 31% - 35% - 11:44
3 - 31% - 15% - 11:38
4 - 6% - 15% - 2:09
PP Forward
1 - 50% - 55% - 5:00
2 - 50% - 45% - 4:55
PP Defense
1 - 53% - 55% - 5:15
2 - 47% - 45% - 4:40
PK Forward
1 - 74% - 60% - 8:06
2 - 26% - 40% - 2:55
PK Defense
1 - 54% - 50% - 5:54
2 - 46% - 50% - 5:07
PK3 Forward
1 - 0% - 55%
2 - 0% - 45%
PK3 Defense
1 - 0% - 50%
2 - 0% - 50%
44 Forward
1 - 72% - 50% - 1:03
2 - 28% - 50% - 0:25
44 Defense
1 - 28% - 50% - 0:25
2 - 72% - 50% - 1:03
Last Minute Offensive  - 0:00
Last Minute Defensive  - 0:00
Total
Forward - 60:00
Defense - 60:00

Play by Play

1st period


0:01 of 1st period - Paul Stastny wins face-off versus Aleksander Barkov in neutral zone.
0:16 of 1st period - Shot by Jonathan Huberdeau.
0:16 of 1st period - Shot Misses the Net.
0:32 of 1st period - Icing by Aleksander Barkov.
0:33 of 1st period - Justin Williams wins face-off versus Paul Byron in Oilers zone.
1:27 of 1st period - John Klingberg is hit by Marco Scandella and loses puck.
1:53 of 1st period - Minor Penalty to Marco Scandella for Hooking.
1:54 of 1st period - Paul Stastny wins face-off versus Dominic Moore in Oilers zone.
2:42 of 1st period - Icing by Jason Demers.
2:43 of 1st period - Dominic Moore wins face-off versus Jonathan Huberdeau in Stars zone.
2:44 of 1st period - Shot by Mattias Ekholm.
2:44 of 1st period - Shot Misses the Net.
2:46 of 1st period - Shot by Nicklas Grossmann.
2:46 of 1st period - Stopped by Jonathan Quick with a rebound.
2:48 of 1st period - Shot by Mattias Ekholm.
2:48 of 1st period - Stopped by Jonathan Quick without a rebound.
2:49 of 1st period - Paul Stastny wins face-off versus Dominic Moore in Stars zone.
3:42 of 1st period - Shot by Jonathan Huberdeau.
3:42 of 1st period - Stopped by Martin Jones without a rebound.
3:43 of 1st period - Dominic Moore wins face-off versus Jonathan Huberdeau in Oilers zone.
5:42 of 1st period - Icing by Michael Grabner.
5:43 of 1st period - Matt Read wins face-off versus Mike Richards in Oilers zone.
5:43 of 1st period - Matt Read is hit by Paul Byron.
7:38 of 1st period - Shot by Scottie Upshall.
7:38 of 1st period - Stopped by Jonathan Quick without a rebound.
7:39 of 1st period - Bo Horvat wins face-off versus Paul Stastny in Stars zone.
8:02 of 1st period - Brad Marchand is hit by Evgeni Malkin and loses puck.
8:35 of 1st period - Shot by Matt Read.
8:35 of 1st period - Stopped by Jonathan Quick without a rebound.
8:36 of 1st period - John Mitchell wins face-off versus Aleksander Barkov in Stars zone.
9:14 of 1st period - Off-side.
9:15 of 1st period - Paul Stastny wins face-off versus Jay Beagle in neutral zone.
9:18 of 1st period - Shot by Evgeni Malkin.
9:18 of 1st period - Stopped by Martin Jones without a rebound.
9:19 of 1st period - Jay Beagle wins face-off versus Paul Stastny in Oilers zone.
9:21 of 1st period - Matt Read is hit by Evgeni Malkin and loses puck.
9:43 of 1st period - Minor Penalty to Paul Stastny for Roughing.
9:44 of 1st period - Brad Malone wins face-off versus Jannik Hansen in Stars zone.
10:02 of 1st period - Shot by Aleksander Barkov.
10:02 of 1st period - Stopped by Jonathan Quick without a rebound.
10:03 of 1st period - Bo Horvat wins face-off versus Brad Malone in Stars zone.
10:10 of 1st period - Shot by Bo Horvat.
10:10 of 1st period - Deflect By Brad Marchand.
10:10 of 1st period - Shot Misses the Net.
10:12 of 1st period - Shot by Marco Scandella.
10:12 of 1st period - Shot Misses the Net.
10:14 of 1st period - Shot by Blake Wheeler.
10:14 of 1st period - Shot Misses the Net.
10:16 of 1st period - Shot by Brad Marchand.
10:16 of 1st period - Stopped by Jonathan Quick without a rebound.
10:17 of 1st period - Aleksander Barkov wins face-off versus Brad Malone in Stars zone.
11:16 of 1st period - Duncan Keith is hit by Blake Wheeler and loses puck.
11:30 of 1st period - Icing by Brad Marchand.
11:31 of 1st period - John Mitchell wins face-off versus Bo Horvat in Oilers zone.
11:50 of 1st period - Shot by Matt Read.
11:50 of 1st period - Shot Misses the Net.
12:18 of 1st period - Shot by Jonathan Huberdeau.
12:18 of 1st period - Stopped by Martin Jones without a rebound.
12:19 of 1st period - Aleksander Barkov wins face-off versus John Mitchell in Oilers zone.
12:30 of 1st period - Shot by Justin Williams.
12:30 of 1st period - Stopped by Jonathan Quick without a rebound.
12:31 of 1st period - Bo Horvat wins face-off versus Mike Richards in Stars zone.
12:37 of 1st period - Minor Penalty to Zdeno Chara for Hooking.
12:38 of 1st period - Paul Stastny wins face-off versus Bo Horvat in Stars zone.
12:38 of 1st period - Paul Stastny is hit by Blake Wheeler.
13:10 of 1st period - Shot by Bo Horvat.
13:10 of 1st period - Shot Misses the Net.
13:14 of 1st period - Shot by Blake Wheeler.
13:14 of 1st period - Goal by Blake Wheeler - Oilers : 1 - Stars : 0.
13:15 of 1st period - Evgeni Malkin wins face-off versus Aleksander Barkov in neutral zone.
13:25 of 1st period - Icing by Alex Petrovic.
13:26 of 1st period - Aleksander Barkov wins face-off versus John Mitchell in Oilers zone.
13:51 of 1st period - Shot by Aleksander Barkov.
13:51 of 1st period - Shot Misses the Net.
13:53 of 1st period - Shot by Jannik Hansen.
13:53 of 1st period - Deflect By Aleksander Barkov.
13:53 of 1st period - Shot Misses the Net.
13:55 of 1st period - Shot by Jannik Hansen.
13:55 of 1st period - Stopped by Jonathan Quick without a rebound.
13:56 of 1st period - Bo Horvat wins face-off versus Evgeni Malkin in Stars zone.
14:03 of 1st period - Shot by Brad Marchand.
14:03 of 1st period - Deflect By Blake Wheeler.
14:03 of 1st period - Stopped by Jonathan Quick without a rebound.
14:04 of 1st period - Evgeni Malkin wins face-off versus Bo Horvat in Stars zone.
14:17 of 1st period - Shot by Bo Horvat.
14:17 of 1st period - Shot Misses the Net.
14:32 of 1st period - Blake Wheeler is hit by Jason Demers and loses puck.
14:35 of 1st period - Shot by Bo Horvat.
14:35 of 1st period - Stopped by Jonathan Quick with a rebound.
14:37 of 1st period - Shot by Brad Marchand.
14:37 of 1st period - Shot Misses the Net.
14:39 of 1st period - Shot by Marco Scandella.
14:39 of 1st period - Shot Misses the Net.
14:41 of 1st period - Shot by Bo Horvat.
14:41 of 1st period - Shot Blocked by John Klingberg.
14:47 of 1st period - Shot by Blake Wheeler.
14:47 of 1st period - Deflect By Bo Horvat.
14:47 of 1st period - Stopped by Jonathan Quick without a rebound.
14:48 of 1st period - John Mitchell wins face-off versus Aleksander Barkov in Stars zone.
15:01 of 1st period - Aleksander Barkov is hit by Cody McLeod.
15:02 of 1st period - Icing by Aleksander Barkov.
15:03 of 1st period - Aleksander Barkov wins face-off versus Mike Richards in Oilers zone.
15:37 of 1st period - Aleksander Barkov is hit by Brandon Manning and loses puck.
16:46 of 1st period - Shot by Jonathan Huberdeau.
16:46 of 1st period - Stopped by Martin Jones with a rebound.
16:49 of 1st period - Icing by Marco Scandella.
16:50 of 1st period - Bo Horvat wins face-off versus John Mitchell in Oilers zone.
17:21 of 1st period - Shot by Dainius Zubrus.
17:21 of 1st period - Stopped by Martin Jones without a rebound.
17:22 of 1st period - Aleksander Barkov wins face-off versus Mike Richards in Oilers zone.
17:22 of 1st period - Aleksander Barkov is hit by Mike Richards.
17:35 of 1st period - Icing by Marc-Edouard Vlasic.
17:36 of 1st period - Paul Stastny wins face-off versus Aleksander Barkov in Oilers zone.
17:45 of 1st period - Shot by Aleksander Barkov.
17:45 of 1st period - Stopped by Jonathan Quick without a rebound.
17:46 of 1st period - Jay Beagle wins face-off versus Paul Stastny in Stars zone.
17:55 of 1st period - Shot by Michael Grabner.
17:55 of 1st period - Stopped by Jonathan Quick without a rebound.
17:56 of 1st period - Evgeni Malkin wins face-off versus Aleksander Barkov in Stars zone.
18:41 of 1st period - Off-side.
18:42 of 1st period - John Mitchell wins face-off versus Jay Beagle in neutral zone.
18:58 of 1st period - Shot by John Mitchell.
18:58 of 1st period - Stopped by Martin Jones without a rebound.
18:59 of 1st period - Mike Richards wins face-off versus Bo Horvat in Oilers zone.
19:11 of 1st period - Shot by Adam Pardy.
19:11 of 1st period - Shot Misses the Net.
Goals for this period are 1 for Oilers vs 0 for Stars.
Shots for this period are 14 for Oilers vs 6 for Stars.

2nd period


0:01 of 2nd period - Jay Beagle wins face-off versus Paul Stastny in neutral zone.
0:05 of 2nd period - Alex Petrovic is hit by Jonathan Huberdeau and loses puck.
0:26 of 2nd period - Shot by Michael Grabner.
0:26 of 2nd period - Stopped by Jonathan Quick without a rebound.
0:27 of 2nd period - John Mitchell wins face-off versus Jannik Hansen in Stars zone.
0:27 of 2nd period - John Mitchell is hit by Justin Williams.
0:28 of 2nd period - Minor Penalty to Jannik Hansen for Slashing.
0:29 of 2nd period - Mike Richards wins face-off versus Michael Grabner in Oilers zone.
0:31 of 2nd period - Jonathan Huberdeau is hit by Brian Campbell.
0:41 of 2nd period - Shot by John Klingberg.
0:41 of 2nd period - Shot Misses the Net.
0:43 of 2nd period - Shot by Jonathan Huberdeau.
0:43 of 2nd period - Deflect By Mike Richards.
0:43 of 2nd period - Shot Blocked by Mattias Ekholm.
0:45 of 2nd period - Shot by Mike Richards.
0:45 of 2nd period - Shot Misses the Net.
1:05 of 2nd period - Shot by Mike Richards.
1:05 of 2nd period - Stopped by Martin Jones with a rebound.
1:07 of 2nd period - Shot by Duncan Keith.
1:07 of 2nd period - Shot Misses the Net.
1:09 of 2nd period - Shot by Duncan Keith.
1:09 of 2nd period - Deflect By Jonathan Huberdeau.
1:09 of 2nd period - Shot Hit the Post.
1:11 of 2nd period - Shot by Paul Byron.
1:11 of 2nd period - Stopped by Martin Jones with a rebound.
1:33 of 2nd period - Jay Beagle is hit by Evgeni Malkin.
3:00 of 2nd period - Shot by Justin Williams.
3:00 of 2nd period - Shot Misses the Net.
3:02 of 2nd period - Shot by Aleksander Barkov.
3:02 of 2nd period - Shot Misses the Net.
3:04 of 2nd period - Shot by Alex Petrovic.
3:04 of 2nd period - Shot Blocked by Adam Pardy.
3:06 of 2nd period - Shot by Aleksander Barkov.
3:06 of 2nd period - Shot Hit the Post.
3:46 of 2nd period - Shot by Evgeni Malkin.
3:46 of 2nd period - Goal by Evgeni Malkin - Oilers : 1 - Stars : 1.
3:47 of 2nd period - Jay Beagle wins face-off versus Mike Richards in neutral zone.
3:53 of 2nd period - Nikita Kucherov is hit by Mattias Ekholm.
4:02 of 2nd period - Icing by Duncan Keith.
4:03 of 2nd period - Dominic Moore wins face-off versus Mike Richards in Stars zone.
4:36 of 2nd period - Shot by Blake Wheeler.
4:36 of 2nd period - Shot Misses the Net.
4:37 of 2nd period - Minor Penalty to Duncan Keith for Tripping.
4:38 of 2nd period - Aleksander Barkov wins face-off versus Paul Stastny in Stars zone.
5:01 of 2nd period - Shot by Mattias Ekholm.
5:01 of 2nd period - Stopped by Jonathan Quick without a rebound.
5:02 of 2nd period - Paul Stastny wins face-off versus Bo Horvat in Stars zone.
5:22 of 2nd period - Off-side.
5:23 of 2nd period - Aleksander Barkov wins face-off versus Paul Stastny in neutral zone.
6:15 of 2nd period - Paul Byron is hit by Blake Wheeler and loses puck.
6:37 of 2nd period - Shot by John Mitchell.
6:37 of 2nd period - Stopped by Martin Jones without a rebound.
6:38 of 2nd period - John Mitchell wins face-off versus Jay Beagle in Oilers zone.
7:12 of 2nd period - Minor Penalty to Cody McLeod for Elbowing.
7:13 of 2nd period - Paul Stastny wins face-off versus Bo Horvat in Stars zone.
8:01 of 2nd period - Bo Horvat is hit by Jason Demers and loses puck.
8:21 of 2nd period - Shot by Mattias Ekholm.
8:21 of 2nd period - Stopped by Jonathan Quick without a rebound.
8:22 of 2nd period - Aleksander Barkov wins face-off versus Paul Stastny in Stars zone.
8:23 of 2nd period - Shot by Marc-Edouard Vlasic.
8:23 of 2nd period - Stopped by Jonathan Quick without a rebound.
8:24 of 2nd period - Paul Stastny wins face-off versus Aleksander Barkov in Stars zone.
9:01 of 2nd period - Shot by Aleksander Barkov.
9:01 of 2nd period - Shot Misses the Net.
10:48 of 2nd period - Nikita Kucherov is hit by Jay Beagle and loses puck.
11:01 of 2nd period - Shot by Michael Grabner.
11:01 of 2nd period - Shot Misses the Net.
11:03 of 2nd period - Shot by Jay Beagle.
11:03 of 2nd period - Stopped by Jonathan Quick with a rebound.
11:05 of 2nd period - Shot by Marc-Edouard Vlasic.
11:05 of 2nd period - Shot Misses the Net.
11:07 of 2nd period - Shot by Michael Grabner.
11:07 of 2nd period - Shot Blocked by Duncan Keith.
11:39 of 2nd period - Shot by John Mitchell.
11:39 of 2nd period - Shot Misses the Net.
11:57 of 2nd period - Shot by Justin Williams.
11:57 of 2nd period - Stopped by Jonathan Quick with a rebound.
11:59 of 2nd period - Shot by Jannik Hansen.
11:59 of 2nd period - Stopped by Jonathan Quick with a rebound.
12:11 of 2nd period - Shot by Justin Williams.
12:11 of 2nd period - Shot Blocked by Adam Pardy.
12:13 of 2nd period - Shot by Aleksander Barkov.
12:13 of 2nd period - Stopped by Jonathan Quick without a rebound.
12:14 of 2nd period - Evgeni Malkin wins face-off versus Bo Horvat in Stars zone.
12:16 of 2nd period - Icing by Jonathan Huberdeau.
12:17 of 2nd period - Brad Marchand wins face-off versus Evgeni Malkin in Stars zone.
12:17 of 2nd period - Brad Marchand is hit by Jason Demers.
12:23 of 2nd period - Shot by Blake Wheeler.
12:23 of 2nd period - Shot Misses the Net.
12:33 of 2nd period - Shot by Jonathan Huberdeau.
12:33 of 2nd period - Shot Blocked by Marc-Edouard Vlasic.
12:35 of 2nd period - Shot by Jason Demers.
12:35 of 2nd period - Shot Misses the Net.
12:37 of 2nd period - Shot by Jason Demers.
12:37 of 2nd period - Shot Misses the Net.
12:39 of 2nd period - Shot by Paul Byron.
12:39 of 2nd period - Shot Misses the Net.
12:41 of 2nd period - Shot by John Klingberg.
12:41 of 2nd period - Stopped by Martin Jones without a rebound.
12:42 of 2nd period - Paul Stastny wins face-off versus Justin Williams in Oilers zone.
12:51 of 2nd period - Zdeno Chara is hit by Justin Williams and loses puck.
13:13 of 2nd period - Shot by Aleksander Barkov.
13:13 of 2nd period - Stopped by Jonathan Quick with a rebound.
13:15 of 2nd period - Shot by Mattias Ekholm.
13:15 of 2nd period - Deflect By Aleksander Barkov.
13:15 of 2nd period - Shot Misses the Net.
13:17 of 2nd period - Shot by Aleksander Barkov.
13:17 of 2nd period - Stopped by Jonathan Quick without a rebound.
13:18 of 2nd period - Jay Beagle wins face-off versus Paul Byron in Stars zone.
13:33 of 2nd period - Shot by Michael Grabner.
13:33 of 2nd period - Stopped by Jonathan Quick without a rebound.
13:34 of 2nd period - Bo Horvat wins face-off versus John Mitchell in Stars zone.
13:35 of 2nd period - Shot by Blake Wheeler.
13:35 of 2nd period - Shot Blocked by Dainius Zubrus.
13:46 of 2nd period - Blake Wheeler is hit by Brandon Manning and loses puck.
14:02 of 2nd period - Cody McLeod beats up Brad Marchand.
14:02 of 2nd period - Penalty to Cody McLeod for Fighting.
14:02 of 2nd period - Penalty to Brad Marchand for Fighting.
14:02 of 2nd period - Penalty to Cody McLeod for instigated a fight.
14:02 of 2nd period - Cody McLeod is ejected from game.
14:03 of 2nd period - Paul Stastny wins face-off versus Aleksander Barkov in Stars zone.
14:25 of 2nd period - Shot by Mattias Ekholm.
14:25 of 2nd period - Stopped by Jonathan Quick without a rebound.
14:26 of 2nd period - Bo Horvat wins face-off versus Paul Stastny in Stars zone.
14:51 of 2nd period - Shot by Marco Scandella.
14:51 of 2nd period - Shot Hit the Post.
14:53 of 2nd period - Shot by Brian Campbell.
14:53 of 2nd period - Stopped by Jonathan Quick without a rebound.
14:54 of 2nd period - Aleksander Barkov wins face-off versus John Mitchell in Stars zone.
14:59 of 2nd period - Shot by Marc-Edouard Vlasic.
14:59 of 2nd period - Stopped by Jonathan Quick without a rebound.
15:00 of 2nd period - Paul Stastny wins face-off versus Aleksander Barkov in Stars zone.
15:15 of 2nd period - Shot by Aleksander Barkov.
15:15 of 2nd period - Stopped by Jonathan Quick without a rebound.
15:16 of 2nd period - Paul Stastny wins face-off versus Bo Horvat in Stars zone.
15:31 of 2nd period - Shot by Matt Read.
15:31 of 2nd period - Stopped by Jonathan Quick without a rebound.
15:32 of 2nd period - John Mitchell wins face-off versus Aleksander Barkov in Stars zone.
15:54 of 2nd period - Shot by Mattias Ekholm.
15:54 of 2nd period - Stopped by Jonathan Quick without a rebound.
15:55 of 2nd period - John Mitchell wins face-off versus Bo Horvat in Stars zone.
16:12 of 2nd period - Shot by Michael Grabner.
16:12 of 2nd period - Shot Blocked by Zdeno Chara.
16:36 of 2nd period - Shot by Matt Read.
16:36 of 2nd period - Shot Blocked by Duncan Keith.
17:17 of 2nd period - Shot by Jannik Hansen.
17:17 of 2nd period - Stopped by Jonathan Quick without a rebound.
17:18 of 2nd period - Bo Horvat wins face-off versus Evgeni Malkin in Stars zone.
17:51 of 2nd period - Icing by Brian Campbell.
17:52 of 2nd period - Bo Horvat wins face-off versus Paul Byron in Oilers zone.
17:57 of 2nd period - Mike Richards is hit by Bo Horvat and loses puck.
18:06 of 2nd period - Shot by Blake Wheeler.
18:06 of 2nd period - Stopped by Jonathan Quick without a rebound.
18:07 of 2nd period - Evgeni Malkin wins face-off versus Aleksander Barkov in Stars zone.
18:26 of 2nd period - Shot by Jonathan Huberdeau.
18:26 of 2nd period - Shot Blocked by Aleksander Barkov.
Goals for this period are 0 for Oilers vs 1 for Stars.
Shots for this period are 19 for Oilers vs 5 for Stars.

3rd period


0:01 of 3rd period - Paul Stastny wins face-off versus Bo Horvat in neutral zone.
0:10 of 3rd period - Shot by Jonathan Huberdeau.
0:10 of 3rd period - Shot Blocked by Brad Marchand.
0:12 of 3rd period - Shot by Paul Stastny.
0:12 of 3rd period - Shot Misses the Net.
0:14 of 3rd period - Shot by Evgeni Malkin.
0:14 of 3rd period - Shot Misses the Net.
0:16 of 3rd period - Shot by Paul Stastny.
0:16 of 3rd period - Shot Misses the Net.
0:51 of 3rd period - Icing by Brad Marchand.
0:52 of 3rd period - Bo Horvat wins face-off versus Mike Richards in Oilers zone.
1:33 of 3rd period - Shot by Jannik Hansen.
1:33 of 3rd period - Shot Misses the Net.
1:39 of 3rd period - Shot by Justin Williams.
1:39 of 3rd period - Stopped by Jonathan Quick without a rebound.
1:40 of 3rd period - Jay Beagle wins face-off versus John Mitchell in Stars zone.
1:40 of 3rd period - Minor Penalty to Brandon Manning for Tripping.
1:41 of 3rd period - Paul Stastny wins face-off versus Bo Horvat in Stars zone.
1:41 of 3rd period - Paul Stastny is hit by Bo Horvat.
1:48 of 3rd period - Icing by Marc-Edouard Vlasic.
1:49 of 3rd period - Paul Stastny wins face-off versus Bo Horvat in Oilers zone.
1:49 of 3rd period - Paul Stastny is hit by Mattias Ekholm.
1:55 of 3rd period - Shot by Paul Stastny.
1:55 of 3rd period - Stopped by Martin Jones without a rebound.
1:56 of 3rd period - Paul Stastny wins face-off versus Aleksander Barkov in Oilers zone.
2:55 of 3rd period - Zdeno Chara is hit by Brad Marchand and loses puck.
3:23 of 3rd period - Icing by Brad Marchand.
3:24 of 3rd period - John Mitchell wins face-off versus Bo Horvat in Oilers zone.
3:31 of 3rd period - Shot by John Mitchell.
3:31 of 3rd period - Shot Blocked by Bo Horvat.
4:31 of 3rd period - Off-side.
4:32 of 3rd period - Mike Richards wins face-off versus Aleksander Barkov in neutral zone.
4:43 of 3rd period - Minor Penalty to Marc-Edouard Vlasic for Holding Stick.
4:44 of 3rd period - Paul Byron wins face-off versus Dominic Moore in Oilers zone.
4:57 of 3rd period - Shot by Jonathan Huberdeau.
4:57 of 3rd period - Shot Misses the Net.
5:19 of 3rd period - Shot by Paul Byron.
5:19 of 3rd period - Shot Misses the Net.
5:21 of 3rd period - Shot by Duncan Keith.
5:21 of 3rd period - Stopped by Martin Jones without a rebound.
5:22 of 3rd period - Paul Stastny wins face-off versus Jay Beagle in Oilers zone.
7:00 of 3rd period - Shot by Brad Marchand.
7:00 of 3rd period - Stopped by Jonathan Quick without a rebound.
7:01 of 3rd period - John Mitchell wins face-off versus Aleksander Barkov in Stars zone.
7:20 of 3rd period - Shot by Aleksander Barkov.
7:20 of 3rd period - Stopped by Jonathan Quick without a rebound.
7:21 of 3rd period - Bo Horvat wins face-off versus Mike Richards in Stars zone.
7:26 of 3rd period - Shot by Brad Marchand.
7:26 of 3rd period - Shot Misses the Net.
7:28 of 3rd period - Shot by Mattias Ekholm.
7:28 of 3rd period - Shot Hit the Post.
7:30 of 3rd period - Shot by Blake Wheeler.
7:30 of 3rd period - Shot Misses the Net.
7:32 of 3rd period - Shot by Mattias Ekholm.
7:32 of 3rd period - Shot Misses the Net.
7:34 of 3rd period - Shot by Marc-Edouard Vlasic.
7:34 of 3rd period - Stopped by Jonathan Quick without a rebound.
7:35 of 3rd period - Paul Stastny wins face-off versus Jay Beagle in Stars zone.
7:35 of 3rd period - Paul Stastny is hit by Jay Beagle.
7:38 of 3rd period - Evgeni Malkin is hit by Matt Read and loses puck.
7:48 of 3rd period - Michael Grabner is hit by Adam Pardy and loses puck.
7:58 of 3rd period - Shot by Matt Read.
7:58 of 3rd period - Stopped by Jonathan Quick without a rebound.
7:59 of 3rd period - Bo Horvat wins face-off versus John Mitchell in Stars zone.
8:04 of 3rd period - Shot by Bo Horvat.
8:04 of 3rd period - Shot Hit the Post.
8:33 of 3rd period - John Mitchell is hit by Marco Scandella and loses puck.
8:47 of 3rd period - Icing by Marco Scandella.
8:48 of 3rd period - Evgeni Malkin wins face-off versus Blake Wheeler in Oilers zone.
9:09 of 3rd period - Shot by Evgeni Malkin.
9:09 of 3rd period - Stopped by Martin Jones without a rebound.
9:10 of 3rd period - Mike Richards wins face-off versus Aleksander Barkov in Oilers zone.
10:20 of 3rd period - Icing by Brian Campbell.
10:21 of 3rd period - John Mitchell wins face-off versus Aleksander Barkov in Oilers zone.
11:34 of 3rd period - Shot by Evgeni Malkin.
11:34 of 3rd period - Stopped by Martin Jones with a rebound.
11:35 of 3rd period - Minor Penalty to Alex Petrovic for Hooking.
11:36 of 3rd period - Dominic Moore wins face-off versus Paul Stastny in Oilers zone.
11:56 of 3rd period - Shot by Evgeni Malkin.
11:56 of 3rd period - Shot Misses the Net.
11:58 of 3rd period - Shot by Duncan Keith.
11:58 of 3rd period - Stopped by Martin Jones with a rebound.
12:00 of 3rd period - Shot by Nikita Kucherov.
12:00 of 3rd period - Stopped by Martin Jones without a rebound.
12:01 of 3rd period - Mike Richards wins face-off versus Dominic Moore in Oilers zone.
12:10 of 3rd period - Shot by Jason Demers.
12:10 of 3rd period - Stopped by Martin Jones without a rebound.
12:11 of 3rd period - Mike Richards wins face-off versus Dominic Moore in Oilers zone.
12:12 of 3rd period - Shot by Jonathan Huberdeau.
12:12 of 3rd period - Shot Misses the Net.
12:14 of 3rd period - Shot by Mike Richards.
12:14 of 3rd period - Shot Misses the Net.
12:16 of 3rd period - Shot by Paul Byron.
12:16 of 3rd period - Shot Blocked by Mattias Ekholm.
12:18 of 3rd period - Shot by Zdeno Chara.
12:18 of 3rd period - Stopped by Martin Jones without a rebound.
12:19 of 3rd period - Paul Stastny wins face-off versus Dominic Moore in Oilers zone.
13:33 of 3rd period - Shot by Duncan Keith.
13:33 of 3rd period - Stopped by Martin Jones without a rebound.
13:34 of 3rd period - Jannik Hansen wins face-off versus Mike Richards in Oilers zone.
13:41 of 3rd period - Nicklas Grossmann is hit by John Mitchell.
13:46 of 3rd period - Off-side.
13:47 of 3rd period - John Mitchell wins face-off versus Aleksander Barkov in neutral zone.
13:49 of 3rd period - Duncan Keith is hit by Mattias Ekholm and loses puck.
14:25 of 3rd period - Shot by Jannik Hansen.
14:25 of 3rd period - Stopped by Jonathan Quick without a rebound.
14:26 of 3rd period - Bo Horvat wins face-off versus Paul Stastny in Stars zone.
15:50 of 3rd period - Minor Penalty to Aleksander Barkov for Tripping.
15:51 of 3rd period - Dominic Moore wins face-off versus Mike Richards in Oilers zone.
16:10 of 3rd period - Shot by Duncan Keith.
16:10 of 3rd period - Stopped by Martin Jones without a rebound.
16:11 of 3rd period - Paul Stastny wins face-off versus Dominic Moore in Oilers zone.
17:03 of 3rd period - Shot by John Klingberg.
17:03 of 3rd period - Shot Misses the Net.
17:09 of 3rd period - Shot by Jonathan Huberdeau.
17:09 of 3rd period - Stopped by Martin Jones without a rebound.
17:10 of 3rd period - Mike Richards wins face-off versus Jay Beagle in Oilers zone.
17:25 of 3rd period - Shot by Jay Beagle.
17:25 of 3rd period - Shot Blocked by Duncan Keith.
17:51 of 3rd period - Icing by Jannik Hansen.
17:52 of 3rd period - John Mitchell wins face-off versus Bo Horvat in Oilers zone.
18:02 of 3rd period - Minor Penalty to Brandon Manning for High sticking.
18:03 of 3rd period - Paul Stastny wins face-off versus Brad Marchand in Stars zone.
18:18 of 3rd period - Shot by Brad Marchand.
18:18 of 3rd period - Shot Misses the Net.
18:31 of 3rd period - Minor Penalty to Mattias Ekholm for Roughing.
18:32 of 3rd period - Jay Beagle wins face-off versus Paul Stastny in Oilers zone.
18:32 of 3rd period - Jay Beagle is hit by Paul Stastny.
19:02 of 3rd period - Shot by Jay Beagle.
19:02 of 3rd period - Shot Blocked by Jason Demers.
19:04 of 3rd period - Shot by Matthew Nieto.
19:04 of 3rd period - Shot Misses the Net.
19:06 of 3rd period - Shot by Nicklas Grossmann.
19:06 of 3rd period - Stopped by Jonathan Quick without a rebound.
19:07 of 3rd period - Michael Grabner wins face-off versus Paul Byron in Stars zone.
19:22 of 3rd period - Shot by Michael Grabner.
19:22 of 3rd period - Goal by Michael Grabner - Oilers : 2 - Stars : 1.
19:23 of 3rd period - Paul Byron wins face-off versus Dominic Moore in neutral zone.
19:28 of 3rd period - Stars, Jonathan Quick is pulled from the net.
19:31 of 3rd period - Icing by Alex Petrovic.
19:32 of 3rd period - Dominic Moore wins face-off versus Paul Stastny in Oilers zone.
19:47 of 3rd period - Shot by Dominic Moore.
19:47 of 3rd period - Shot Misses the Net.
Goals for this period are 1 for Oilers vs 0 for Stars.
Shots for this period are 8 for Oilers vs 11 for Stars.